 Dungeon Crawl Stone Soup version 0.28-a0-178-ga708605c5b (webtiles) character file.

Game seed: 17265999989550683789

44 lnt the Sneak (level 3, -2/26 HPs)
             Began as an Octopode Delver on Aug 18, 2021.
             Slain by a killer bee zombie (5 damage)
             ... on level 5 of the Dungeon.
             The game lasted 00:00:53 (42 turns).

lnt the Sneak (Octopode Delver)                       Turns: 42, Time: 00:00:53

Health: -2/26      AC:  1    Str: 11    XL:     3   Next: 62%
Magic:  3/3        EV: 13    Int: 18    God:
Gold:   0          SH:  0    Dex:  8    Spells: 2/2 levels left

rFire   . . .      SeeInvis .   i - +10 falchion "Zarrach" {drain, rCorr Int+5 Dex-5}
rCold   . . .      Faith    .   (no shield)
rNeg    . . .      Spirit   .   (helmet restricted)
rPois   .          Reflect  .   (no amulet)
rElec   .          Harm     .   (no ring)
rCorr   +          Rampage  .   (no ring)
Will    .....                   (no ring)
Stlth   ++++......              (no ring)
HPRegen 0.08/turn               (no ring)
MPRegen 0.08/turn               (no ring)
                                (no ring)
                                (no ring)

@: no status effects
A: almost no armour, amphibious, 8 rings, camouflage 1, gelatinous body 1,
(nimble swimmer 1), tentacles
a: no special abilities


You were on level 5 of the Dungeon.
You visited 1 branch of the dungeon, and saw 1 of its levels.

Inventory:

Hand Weapons
 a - a +0 short sword
 i - the +10 falchion "Zarrach" (weapon) {drain, rCorr Int+5 Dex-5}
   (You found it on level 5 of the Dungeon)

   A truly terrible weapon, it drains the life of any living foe it strikes.
   Int:       It affects your intelligence (+5).
   Dex:       It affects your dexterity (-5).
   rCorr:     It protects you from acid and corrosion.
Jewellery
 h - a +6 ring of intelligence
Wands
 f - a wand of digging (3)
Scrolls
 b - a scroll of fog
 c - a scroll of magic mapping
 d - a scroll of fear
Potions
 e - a potion of haste
 g - 2 potions of curing {unknown}


   Skills:
 + Level 3.5 Fighting
 - Level 2.0 Short Blades
 + Level 2.7 Dodging
 + Level 7.2 Stealth


You had 2 spell levels left.
You didn't know any spells.
Your spell library was empty.

Dungeon Overview and Level Annotations

Branches:
Dungeon (5/15)
 Temple: D:4-7

Altars:


Innate Abilities, Weirdness & Mutations

You cannot wear most types of armour.
You are amphibious.
You can wear up to eight rings at the same time.
Your skin changes colour to match your surroundings (Stealth+).
Your rubbery body absorbs attacks. (AC +1, EV +1)
((You are camouflaged near water. (Stealth+)))
You have tentacles for arms and can constrict up to eight enemies at once.


Message History

You slash the water moccasin skeleton!
Your grab misses the water moccasin skeleton.
The water moccasin skeleton is moderately damaged.
The water moccasin skeleton barely misses you.
You closely miss the water moccasin skeleton.
You grab the water moccasin skeleton.
The water moccasin skeleton is moderately damaged.
You constrict the water moccasin skeleton.
The gnoll shouts!
The water moccasin skeleton bites you!
The gnoll shouts! x2
You slash the water moccasin skeleton!
The water moccasin skeleton is severely damaged.
You constrict the water moccasin skeleton.
The water moccasin skeleton bites you.
* * * LOW HITPOINT WARNING * * *
The water moccasin skeleton closely misses you.
A gnoll sergeant comes into view. It is wielding a +0 trident.
You release your grip on the water moccasin skeleton.
The gnoll sergeant moves out of view.
You slash the water moccasin skeleton!
You destroy the water moccasin skeleton!
Your Stealth skill increases to level 7!
You have reached level 2!
You have reached level 3!
Your experience leads to an increase in your attributes!
Your base attributes are Str 11, Int 12, Dex 13.
Increase (S)trength, (I)ntelligence, or (D)exterity?
You feel clever. The killer bee zombie hits you.
* * * LOW HITPOINT WARNING * * *
The killer bee zombie closely misses you.
You riposte.
You hit the killer bee zombie. Your grab misses the killer bee zombie.
Your squeeze misses the killer bee zombie.
The killer bee zombie is lightly damaged.
You closely miss the killer bee zombie. You grab the killer bee zombie.
The killer bee zombie is lightly damaged.
You constrict the killer bee zombie. The killer bee zombie hits you.
You die...

+....+>.....###### ..g.###
##....#....<.......
.......
...........#.######
...g...
..$...............#
......Z #.............##.#
....... #....#........#
..!.g.. #........#.#..#
......g#########.....#..#
......$.g.Z@.....#.#.#..#
...................#>#...#
#+#############<####.#.#.#
..................
......#.###########
#######.. #.# #.# #.#


You could see 2 gnolls and a killer bee zombie.

Vanquished Creatures
  A water moccasin skeleton (D:5)
1 creature vanquished.

Notes
Turn   | Place    | Note
-------+----------+-------------------------------------------
     0 | D:5      | lnt the Octopode Delver began the quest for the Orb.
     0 | D:5      | Reached XP level 1. HP: 16/16 MP: 1/1
    21 | D:5      | Identified the +10 falchion "Zarrach" {drain, rCorr Int+5
                  | Dex-5}
    37 | D:5      | Noticed a gnoll sergeant
    39 | D:5      | Reached skill level 7 in Stealth
    39 | D:5      | Reached XP level 2. HP: 5/21 MP: 2/2
    39 | D:5      | Reached XP level 3. HP: 6/26 MP: 3/3
    42 | D:5      | Slain by a killer bee zombie

Illustrated notes

Levels and vault maps discovered:
D:5:      layout_basic

Skill      XL: |  1 |
---------------+----+-----
Stealth        | 7 |  7.2
Fighting       | |  3.5
Short Blades   | |  2.0
Dodging        | |  2.7

Action                   || total
-------------------------++-------
Melee: Falchion          ||     5
       Constrict         ||     2
 Stab: Sleeping          ||     1
Dodge: Dodged            ||     3
       Rpst.: Falchion   ||     1

Table legend: (Time is in decaauts)
 A = Elapsed time spent in this place.
 B = Non-inter-level travel time spent in this place.
 C = Inter-level travel time spent in this place.
 D = Time resting spent in this place.
 E = Time spent auto-exploring this place.
 F = Levels seen in this place.
 G = Mean time per level.
                   A        B        C        D        E       F      G
               +--------+--------+--------+--------+--------+-----+--------+
         Total |     42 |     42 |      0 |      0 |      0 |   1 |   42.0 |
       Dungeon |     42 |     42 |      0 |      0 |      0 |   1 |   42.0 |
               +--------+--------+--------+--------+--------+-----+--------+

Top non-repeatable levels by time:
     D:5: 42 daAuts
